[Event "ICC tourney 3117 (40 10)"]
[Site "Internet Chess Club"]
[Date "2023.02.04"]
[Round "1"]
[White "SIMO, AARON L:WhereBklnAt"]
[Black "Xu, Michael:mxu81"]
[Result "1-0"]
[ICCResult "Black resigns"]
[WhiteElo "1603"]
[BlackElo "1194"]
[Opening "Vienna gambit"]
[ECO "C29"]
[NIC "VG.04"]
[Time "11:01:06"]
[PlyCount "31"]
[TimeControl "2400+10"]

1. e4 e5 2. Nc3 Nf6 3. f4 Nc6 4. fxe5 Nxe5 5. d4 Ng6 6. e5 Ng8 7. Nf3 Bb4 8.
Bc4 Nh4 9. O-O Bxc3 10. bxc3 Nxf3+ 11. Qxf3 f6 12. Bxg8 Rxg8 13. Qh5+ Ke7
14. exf6+ gxf6 15. Qxh7+ Kf8 16. Bh6+ {Black resigns} 1-0

[Event "ICC tourney 3117 (40 10)"]
[Site "Internet Chess Club"]
[Date "2023.02.04"]
[Round "1"]
[White "MANE, ARNAV KISHOR:georgianknight"]
[Black "BANDREDDI, AARUSH:AarushB"]
[Result "1/2-1/2"]
[ICCResult "Game drawn by mutual agreement"]
[WhiteElo "1550"]
[BlackElo "896"]
[Opening "Pirc: classical (two knights) system"]
[ECO "B06"]
[NIC "PU.10"]
[Time "11:01:30"]
[PlyCount "67"]
[TimeControl "2400+10"]

1. e4 g6 2. d4 Bg7 3. Nf3 d6 4. Nc3 Nf6 5. Bc4 O-O 6. O-O Nc6 7. Bb3 e5 8.
d5 Ne7 9. h3 Ne8 10. Ne2 f5 11. Ng3 f4 12. Ne2 h6 13. h4 Bg4 14. Nh2 Bd7 15.
c4 g5 16. hxg5 hxg5 17. Nc3 Nf6 18. c5 g4 19. c6 g3 20. cxd7 gxh2+ 21. Kxh2
Qxd7 22. f3 Kf7 23. Kg1 Rh8 24. Kf2 Rh2 25. Rh1 Rxh1 26. Qxh1 Rh8 27. Qg1
Nh5 28. Ne2 Bf6 29. Bd2 Ng3 30. Nxg3 fxg3+ 31. Ke1 Ng6 32. Be3 Nf4 33. Bxf4
exf4 34. Rb1 {Game drawn by mutual agreement} 1/2-1/2

[Event "ICC tourney 3117 (40 10)"]
[Site "Internet Chess Club"]
[Date "2023.02.04"]
[Round "1"]
[White "HAMLETT, JAMES MORRISON:Hamlett144"]
[Black "ZLODOREV, ALEXANDER:sasha-zlodorev"]
[Result "0-1"]
[ICCResult "White resigns"]
[WhiteElo "1200"]
[BlackElo "1607"]
[Opening "Philidor: exchange variation"]
[ECO "C41"]
[NIC "KP.08"]
[Time "11:00:42"]
[PlyCount "78"]
[TimeControl "2400+10"]

1. e4 e5 2. Nf3 d6 3. d4 exd4 4. Nxd4 Nf6 5. Nc3 Be7 6. Bd3 O-O 7. O-O c5 8.
Nf5 Bxf5 9. exf5 d5 10. Qf3 Nc6 11. g4 Ne5 12. Qh3 Nexg4 13. f3 Ne5 14. Be2
Re8 15. Kh1 Nc6 16. Rg1 Bf8 17. Bb5 Qd6 18. Bh6 Kh8 19. Bg5 a6 20. Bxc6 bxc6
21. Rae1 Rxe1 22. Rxe1 Re8 23. Rg1 Qe5 24. f4 Qd4 25. Qg2 Ne4 26. Nxe4 Qxe4
27. f6 g6 28. Bh4 Qxg2+ 29. Rxg2 Re4 30. Bg3 Bd6 31. Rf2 Kg8 32. Kg2 Kf8 33.
Kf3 Ke8 34. Kg4 h6 35. h4 Kd7 36. h5 Ke6 37. hxg6 fxg6 38. Kf3 Kxf6 39. Bh4+
Kf5 {White resigns} 0-1

[Event "ICC tourney 3117 (40 10)"]
[Site "Internet Chess Club"]
[Date "2023.02.04"]
[Round "1"]
[White "ZHAO, DANSON:K01-30127679"]
[Black "Doan Giang, Nguyen Doan:Doctorstrange04"]
[Result "0-1"]
[ICCResult "White checkmated"]
[WhiteElo "1431"]
[BlackElo "1807"]
[Opening "Sicilian: Smith-Morra gambit"]
[ECO "B21"]
[NIC "SI.47"]
[Time "11:14:05"]
[PlyCount "124"]
[TimeControl "2400+10"]

1. e4 c5 2. d4 cxd4 3. c3 Nf6 4. e5 Nd5 5. Qxd4 e6 6. Bc4 Nc6 7. Qe4 f5 8.
Qe2 Nb6 9. Bb3 Be7 10. Nf3 O-O 11. O-O a5 12. Nd4 a4 13. Bc2 Nxd4 14. cxd4
Nd5 15. f4 b5 16. Nc3 Nb4 17. Bd1 Ba6 18. Qf3 Nc6 19. d5 Bc5+ 20. Be3 Nd4
21. Qf2 Qb6 22. Re1 Rac8 23. Rc1 Bb7 24. dxe6 dxe6 25. Rb1 Rfd8 26. b4 axb3
27. Bxb3 Nxb3 28. Rxb3 Bxe3 29. Qxe3 Qxe3+ 30. Rxe3 Rd2 31. Re2 Rxe2 32.
Nxe2 Bd5 33. Rb2 Rc4 34. g3 b4 35. Kf2 h6 36. h4 Kf7 37. Ke1 Kg6 38. Kd2 Kh5
39. Rb3 Re4 40. Rb2 Kg4 41. Rc2 Kf3 42. Kd1 b3 43. Rc3+ Kf2 44. axb3 Rxe2
45. b4 Re3 46. Rc2+ Kxg3 47. Rb2 Kxf4 48. b5 g5 49. b6 g4 50. b7 Bxb7 51.
Rxb7 g3 52. Rb2 Kxe5 53. Re2 Ke4 54. Ke1 f4 55. h5 f3 56. Rxe3+ Kxe3 57. Kf1
g2+ 58. Kg1 Ke2 59. Kh2 Kf2 60. Kh3 g1=Q 61. Kh4 Qg5+ 62. Kh3 Qg3#
{White checkmated}
0-1

[Event "ICC tourney 3117 (40 10)"]
[Site "Internet Chess Club"]
[Date "2023.02.04"]
[Round "1"]
[White "GUTIERREZ, AUGUSTO E:elytito2017"]
[Black "JARGALSAIKHAN, OCHIR:O-Chess"]
[Result "1-0"]
[ICCResult "Black resigns"]
[WhiteElo "1672"]
[BlackElo "1411"]
[Opening "Sicilian: Nimzovich-Rossolimo attack (with ...g6, without ...d6)"]
[ECO "B31"]
[NIC "SI.31"]
[Time "11:29:14"]
[PlyCount "55"]
[TimeControl "2400+10"]

1. e4 c5 2. Nf3 Nc6 3. Bb5 g6 4. Bxc6 dxc6 5. d3 Bg7 6. h3 e5 7. O-O h6 8.
Be3 Qe7 9. a4 Nf6 10. a5 O-O 11. Qd2 Kh7 12. Nc3 Nd7 13. Na4 Rd8 14. Qc3 b6
15. axb6 axb6 16. b3 Rb8 17. Nb2 Nf8 18. Nc4 f6 19. Nxb6 Rxb6 20. Bxc5 Qb7
21. Bxb6 Qxb6 22. Ra8 Ne6 23. Rfa1 Nf4 24. Qa5 Qxa5 25. R1xa5 Re8 26. R5a7
Bd7 27. Rxe8 Bxe8 28. Re7 {Black resigns} 1-0

[Event "ICC tourney 3117 (40 10)"]
[Site "Internet Chess Club"]
[Date "2023.02.04"]
[Round "1"]
[White "Richardson, Avanni:ChessOneMillion"]
[Black "Mehta, Aarav Amit:amitmehta22"]
[Result "0-1"]
[ICCResult "White resigns"]
[WhiteElo "1706"]
[BlackElo "1425"]
[Opening "Sicilian defense"]
[ECO "B40"]
[NIC "SI.43"]
[Time "11:01:30"]
[PlyCount "90"]
[TimeControl "2400+10"]

1. e4 c5 2. Nf3 e6 3. c3 d5 4. exd5 exd5 5. d4 Nf6 6. Bg5 cxd4 7. cxd4 Nc6
8. Nc3 Be6 9. Bb5 Bb4 10. Ne5 Rc8 11. O-O O-O 12. Bxc6 bxc6 13. a3 Be7 14.
Rc1 h6 15. Bh4 c5 16. Ne2 c4 17. Nf4 Bf5 18. Ne2 Qb6 19. Ng3 Be6 20. f4 Rb8
21. f5 Bc8 22. Rf2 Qb3 23. Nc6 Qxd1+ 24. Rxd1 Rb7 25. Nxe7+ Rxe7 26. Bxf6
gxf6 27. Nh5 Rd8 28. Nxf6+ Kh8 29. Ng4 Kh7 30. Ne5 Rd6 31. g4 f6 32. Ng6 Re4
33. Rg2 Rb6 34. Rdd2 Rb3 35. Rde2 Rbe3 36. Rxe3 Rxe3 37. Rd2 Re4 38. h3 h5
39. Rg2 hxg4 40. hxg4 Rxd4 41. Nh4 Rd1+ 42. Kh2 d4 43. Rg1 Rd2+ 44. Rg2 c3
45. bxc3 dxc3 {White resigns} 0-1

[Event "ICC tourney 3117 (40 10)"]
[Site "Internet Chess Club"]
[Date "2023.02.04"]
[Round "1"]
[White "S.M, UMER:uncrackable"]
[Black "LOPEZ, FRANCISCO JAVIER:steinutz"]
[Result "1-0"]
[ICCResult "Black checkmated"]
[WhiteElo "1807"]
[BlackElo "1500"]
[Opening "Queen's bishop game"]
[ECO "D02"]
[NIC "QP.06"]
[Time "11:00:39"]
[PlyCount "59"]
[TimeControl "2400+10"]

1. d4 Nf6 2. Nf3 d5 3. Bf4 e6 4. e3 Bd6 5. Nbd2 Bxf4 6. exf4 O-O 7. Bd3 c5
8. dxc5 Qc7 9. g3 Qxc5 10. O-O Nc6 11. c3 b6 12. Qe2 Bb7 13. Rfe1 a6 14. Ne5
Qd6 15. Ndf3 b5 16. a3 Na5 17. Rad1 Qc7 18. Nd4 Nc4 19. g4 Rfe8 20. g5 Nxe5
21. gxf6 Nxd3 22. Qg4 g6 23. Rxd3 e5 24. Rde3 e4 25. Rh3 Qd6 26. Qh4 h5 27.
Qg5 Re6 28. Nxe6 Qxe6 29. Rxh5 Kf8 30. Rh8# {Black checkmated} 1-0

[Event "ICC tourney 3117 (40 10)"]
[Site "Internet Chess Club"]
[Date "2023.02.04"]
[Round "1"]
[White "DUBE, DANIEL:betterone76"]
[Black "HELMSEN, GAVIN:ghelmsen"]
[Result "1/2-1/2"]
[ICCResult "Game drawn by mutual agreement"]
[WhiteElo "1850"]
[BlackElo "1549"]
[Opening "Queen's Pawn"]
[ECO "A41"]
[NIC "QO.17"]
[Time "11:00:37"]
[PlyCount "132"]
[TimeControl "2400+10"]

1. d4 d6 2. Nc3 e5 3. dxe5 dxe5 4. Qxd8+ Kxd8 5. Bg5+ f6 6. O-O-O+ Bd6 7.
Be3 Be6 8. g3 Nc6 9. Bg2 Kc8 10. Nh3 Nge7 11. f4 Nf5 12. Bf2 a6 13. Bd5 Bxd5
14. Nxd5 Ncd4 15. Rhe1 Rd8 16. e4 Nf3 17. exf5 Nxe1 18. fxe5 Nf3 19. exd6
Rxd6 20. Bc5 Rd7 21. Bg1 a5 22. Nhf4 Nxg1 23. Rxg1 Ra6 24. Re1 Rad6 25. c4
b5 26. Re8+ Kb7 27. cxb5 Rxd5 28. Nxd5 Rxd5 29. g4 h5 30. h3 hxg4 31. hxg4
Rd4 32. g5 fxg5 33. Re7 Rd5 34. a4 Rxf5 35. Rxg7 Rf4 36. b3 g4 37. Kd2 Rf2+
38. Kc3 Rg2 39. b4 axb4+ 40. Kxb4 g3 41. a5 Rg1 42. b6 g2 43. Rxc7+ Kb8 44.
a6 Rb1+ 45. Ka5 Ra1+ 46. Kb5 g1=Q 47. a7+ Rxa7 48. Rxa7 Qg5+ 49. Ka6 Qf4 50.
Rb7+ Kc8 51. Rc7+ Kd8 52. Kb7 Qe4+ 53. Kb8 Qe5 54. Kb7 Qd5+ 55. Ka7 Qa5+ 56.
Kb7 Qa4 57. Rc8+ Kd7 58. Rc7+ Kd6 59. Kb8 Qa5 60. Kb7 Qd5+ 61. Kb8 Qa5 62.
Kb7 Qg5 63. Kb8 Qd8+ 64. Kb7 Qe8 65. Rc8 Qe7+ 66. Rc7 Qe8
{Game drawn by mutual agreement}
1/2-1/2

[Event "ICC tourney 3117 (40 10)"]
[Site "Internet Chess Club"]
[Date "2023.02.04"]
[Round "1"]
[White "ZHANG, ARI:brass60Six"]
[Black "YU, AVERY:Averyyu321"]
[Result "0-1"]
[ICCResult "White checkmated"]
[WhiteElo "1417"]
[BlackElo "1682"]
[Opening "QGD: 4.Nf3"]
[ECO "D37"]
[NIC "QO.16"]
[Time "11:01:30"]
[PlyCount "94"]
[TimeControl "2400+10"]

1. d4 d5 2. c4 e6 3. Nc3 Nf6 4. Nf3 Be7 5. e3 O-O 6. Bd3 b6 7. O-O dxc4 8.
Bxc4 Bb7 9. Be2 Nbd7 10. Qc2 c5 11. dxc5 Nxc5 12. Rd1 Qc8 13. Bd2 Nce4 14.
Rac1 Nxd2 15. Qxd2 Bc5 16. Na4 Ne4 17. Qe1 Rd8 18. b4 Bc6 19. Nxc5 bxc5 20.
bxc5 Rxd1 21. Qxd1 Qf8 22. Qc2 Rc8 23. Nd4 Bd5 24. c6 e5 25. Nf3 Rxc6 26.
Qb2 Rxc1+ 27. Qxc1 Qb8 28. Nxe5 Bxa2 29. f3 Nf6 30. Nd3 h6 31. g3 a5 32. Qa3
Qb1+ 33. Kg2 Qc2 34. Kf1 a4 35. Nb4 Qb1+ 36. Kg2 Bb3 37. e4 Qe1 38. Bd3 Qd2+
39. Kg1 Nd7 40. Bb5 Ne5 41. Bxa4 Nxf3+ 42. Kf1 Nxh2+ 43. Kg1 Nf3+ 44. Kf1
Qe1+ 45. Kg2 Qe2+ 46. Kh3 Be6+ 47. g4 Qh2# {White checkmated} 0-1

[Event "ICC tourney 3117 (40 10)"]
[Site "Internet Chess Club"]
[Date "2023.02.04"]
[Round "1"]
[White "BANDREDDI, MEERA:MeeraBLab"]
[Black "Mason, Mike W:MikeWMason"]
[Result "0-1"]
[ICCResult "White checkmated"]
[WhiteElo "1105"]
[BlackElo "1567"]
[Opening "QGD: Albin counter-gambit, 5.g3"]
[ECO "D09"]
[NIC "QG.02"]
[Time "11:01:01"]
[PlyCount "58"]
[TimeControl "2400+10"]

1. d4 d5 2. c4 e5 3. dxe5 d4 4. Nf3 Nc6 5. g3 Nge7 6. Bg2 Ng6 7. Bf4 Be7 8.
Qd3 Be6 9. Nbd2 Qd7 10. Nb3 Bf5 11. e4 Be6 12. Nbxd4 Bb4+ 13. Kf1 O-O-O 14.
Rd1 Nxf4 15. gxf4 Bh3 16. Rg1 Qg4 17. Bxh3 Qxh3+ 18. Ke2 Bc5 19. Qc3 Nxd4+
20. Nxd4 Qxh2 21. Ke3 Bxd4+ 22. Rxd4 Qxg1 23. Rxd8+ Rxd8 24. Qb4 Qd1 25. Qc3
h5 26. e6 fxe6 27. f5 exf5 28. exf5 Re8+ 29. Kf4 Qg4# {White checkmated} 0-1

[Event "ICC tourney 3117 (40 10)"]
[Site "Internet Chess Club"]
[Date "2023.02.04"]
[Round "1"]
[White "BRUDNO, STEPHEN:StevChess01"]
[Black "OPASKA, MICHAEL:mopaska1106"]
[Result "0-1"]
[ICCResult "White resigns"]
[WhiteElo "1543"]
[BlackElo "1841"]
[Opening "Dutch"]
[ECO "A80"]
[NIC "HD.12"]
[Time "11:00:54"]
[PlyCount "130"]
[TimeControl "2400+10"]

1. d4 f5 2. Nf3 Nf6 3. c4 e6 4. Bg5 Be7 5. e3 O-O 6. Be2 d6 7. O-O a5 8. Nc3
Bd7 9. Rc1 Nc6 10. d5 Ne5 11. dxe6 Bxe6 12. b3 h6 13. Bxf6 Bxf6 14. Nd5
Nxf3+ 15. Bxf3 Be5 16. Nf4 Bxf4 17. exf4 c6 18. Re1 Qd7 19. Qd2 Rf6 20. Rcd1
Bf7 21. g3 a4 22. Re3 Qc7 23. Rd3 axb3 24. axb3 Qb6 25. Qe3 Qb4 26. Qd2 Qxd2
27. R1xd2 Ra3 28. Kg2 Kf8 29. Re3 Re6 30. Rxe6 Bxe6 31. Rxd6 Ke7 32. Rd3
Bxc4 33. Re3+ Be6 34. Bd1 Kd7 35. Kf3 Bd5+ 36. Ke2 Ra2+ 37. Ke1 Ra1 38. Kd2
Ra2+ 39. Ke1 Rb2 40. Rd3 Ke6 41. Re3+ Kd6 42. Rd3 Kc5 43. Re3 Kd4 44. Re7 b5
45. Rxg7 Rb1 46. Kd2 Rb2+ 47. Ke1 Kc3 48. Re7 Bxb3 49. Re3+ Kc4 50. Bxb3+
Rxb3 51. Re5 b4 52. Rxf5 Rd3 53. Re5 b3 54. Re2 Kc3 55. g4 b2 56. Rxb2 Kxb2
57. Ke2 Rd8 58. g5 hxg5 59. fxg5 c5 60. h4 c4 61. g6 c3 62. h5 c2 63. h6
c1=Q 64. h7 Qc2+ 65. Kf3 Qxg6 {White resigns} 0-1

[Event "ICC tourney 3117 (40 10)"]
[Site "Internet Chess Club"]
[Date "2023.02.04"]
[Round "2"]
[White "HELMSEN, GAVIN:ghelmsen"]
[Black "MANE, ARNAV KISHOR:georgianknight"]
[Result "0-1"]
[ICCResult "White checkmated"]
[WhiteElo "1549"]
[BlackElo "1550"]
[Opening "Sicilian: Grand Prix attack"]
[ECO "B23"]
[NIC "SI.44"]
[Time "13:15:48"]
[PlyCount "38"]
[TimeControl "2400+10"]

1. e4 c5 2. Nc3 Nc6 3. f4 g6 4. Nf3 Bg7 5. a4 e6 6. e5 d5 7. Bb5 Bd7 8. O-O
Nge7 9. d4 cxd4 10. Nxd4 Nxd4 11. Qxd4 a6 12. Bxd7+ Qxd7 13. Ne2 O-O 14. c4
Nc6 15. Qd2 Rfd8 16. cxd5 Qxd5 17. Rd1 Qc5+ 18. Nd4 Rxd4 19. Qe2 Rxd1#
{White checkmated}
0-1

[Event "ICC tourney 3117 (40 10)"]
[Site "Internet Chess Club"]
[Date "2023.02.04"]
[Round "2"]
[White "ANDRADE, LUIS:Landrade"]
[Black "DUBE, DANIEL:betterone76"]
[Result "1-0"]
[ICCResult "Black resigns"]
[WhiteElo "1277"]
[BlackElo "1850"]
[Opening "Queen's pawn game"]
[ECO "A46"]
[NIC "TD.06"]
[Time "13:15:51"]
[PlyCount "49"]
[TimeControl "2400+10"]

1. d4 Nf6 2. Nf3 c5 3. e3 e6 4. c4 d5 5. Nc3 Nc6 6. cxd5 exd5 7. Bb5 Bd6 8.
dxc5 Bxc5 9. Ne5 Bd7 10. Nxd7 Qxd7 11. O-O O-O 12. Ne2 a6 13. Ba4 b5 14. Bc2
Nb4 15. Bb1 Rad8 16. a3 Nc6 17. b4 Bd6 18. Bb2 Ng4 19. Ng3 Be5 20. Bf5 Qxf5
21. Nxf5 Nxh2 22. Kh1 Nxf1 23. Bxe5 Nxe5 24. Qxf1 Rc8 25. Ne7+ {Black
resigns} 1-0

[Event "ICC tourney 3117 (40 10)"]
[Site "Internet Chess Club"]
[Date "2023.02.04"]
[Round "2"]
[White "BANDREDDI, MEERA:MeeraBLab"]
[Black "ZHAO, DANSON:K01-30127679"]
[Result "0-1"]
[ICCResult "White checkmated"]
[WhiteElo "1105"]
[BlackElo "1431"]
[Opening "Catalan: closed, 6...Nbd7"]
[ECO "E07"]
[NIC "QP.08"]
[Time "13:16:42"]
[PlyCount "90"]
[TimeControl "2400+10"]

1. d4 d5 2. c4 e6 3. Nf3 Nf6 4. g3 Nbd7 5. Bg2 Be7 6. O-O O-O 7. b3 c6 8.
Bb2 Bd6 9. Nc3 Bc7 10. Qc2 h6 11. e4 dxe4 12. Nxe4 Nxe4 13. Qxe4 Nf6 14. Qe2
Bb6 15. Rfd1 Qe7 16. d5 cxd5 17. cxd5 Bd7 18. dxe6 Bxe6 19. Bh3 Rfe8 20.
Bxe6 Qxe6 21. Qxe6 Rxe6 22. Rd7 Nxd7 23. Rd1 Nf6 24. Kg2 Ng4 25. h3 Nf6 26.
Rd2 Rae8 27. Nd4 Rd6 28. Nf3 Rxd2 29. Nxd2 Re2 30. Nc4 Rxf2+ 31. Kh1 Rc2 32.
g4 Ne4 33. Be5 Ng5 34. h4 Nf3 35. Bf4 g5 36. hxg5 hxg5 37. Be5 f6 38. Bg3
Bf2 39. Kg2 Ne1+ 40. Kh3 Rc3 41. Kh2 Bxg3+ 42. Kg1 Nf3+ 43. Kg2 Nh4+ 44. Kh3
Bd6+ 45. Ne3 Rxe3# {White checkmated} 0-1

[Event "ICC tourney 3117 (40 10)"]
[Site "Internet Chess Club"]
[Date "2023.02.04"]
[Round "2"]
[White "JARGALSAIKHAN, OCHIR:O-Chess"]
[Black "BRUDNO, STEPHEN:StevChess01"]
[Result "0-1"]
[ICCResult "White resigns"]
[WhiteElo "1411"]
[BlackElo "1543"]
[Opening "English: symmetrical, Benoni formation"]
[ECO "A31"]
[NIC "EO.26"]
[Time "13:15:48"]
[PlyCount "62"]
[TimeControl "2400+10"]

1. d4 Nf6 2. c4 c5 3. Nf3 g6 4. g3 Bg7 5. Bg2 cxd4 6. Nxd4 Nc6 7. O-O O-O 8.
Nc3 Qb6 9. Nc2 d6 10. b3 Bf5 11. Bb2 Rab8 12. h3 a6 13. g4 Bxc2 14. Qxc2 Nd4
15. Qd2 Ne6 16. Rfd1 Qc5 17. Rac1 Qb4 18. e3 Rfc8 19. f4 Qb6 20. Kh1 Qa5 21.
Qf2 b5 22. cxb5 axb5 23. Ba1 b4 24. Nd5 Nxd5 25. Rxc8+ Rxc8 26. Bxd5 Bxa1
27. Bxe6 fxe6 28. Rxa1 Qd5+ 29. Kg1 Qd3 30. Re1 Rc2 31. Qf1 Qd2 {White
resigns} 0-1

[Event "ICC tourney 3117 (40 10)"]
[Site "Internet Chess Club"]
[Date "2023.02.04"]
[Round "2"]
[White "BANDREDDI, AARUSH:AarushB"]
[Black "WANG, JESSICA:crazyhorse9"]
[Result "0-1"]
[ICCResult "White checkmated"]
[WhiteElo "896"]
[BlackElo "1566"]
[Opening "King's Indian: fianchetto with ...Nc6"]
[ECO "E62"]
[NIC "KI.73"]
[Time "13:15:47"]
[PlyCount "98"]
[TimeControl "2400+10"]

1. c4 Nf6 2. Nc3 g6 3. d4 Bg7 4. Nf3 O-O 5. g3 d6 6. Bg2 Nc6 7. d5 Nb8 8.
O-O a5 9. e4 e5 10. dxe6 Bxe6 11. b3 Nxe4 12. Nxe4 Bxa1 13. Bh6 Bg7 14. Qd2
Nd7 15. Qc1 Bf5 16. Bxg7 Kxg7 17. Qc3+ Kg8 18. Neg5 Qf6 19. Qxf6 Nxf6 20.
Nh4 Bc8 21. Ne4 Nxe4 22. Bxe4 Re8 23. Bg2 a4 24. b4 Re2 25. c5 Be6 26. Bxb7
Rb8 27. Bf3 Rxa2 28. cxd6 cxd6 29. Rb1 a3 30. b5 Rb2 31. Ra1 a2 32. Kg2 Rb1
33. Rxa2 Bxa2 34. Bc6 Bc4 35. Nf3 Bxb5 36. Bxb5 R8xb5 37. Ng1 Rxg1+ 38. Kxg1
Re5 39. Kg2 d5 40. Kf1 d4 41. f4 Re6 42. f5 gxf5 43. g4 d3 44. gxf5 Re5 45.
h4 d2 46. Kf2 d1=Q 47. h5 Qd3 48. Kg1 Re2 49. Kf1 Qd1# {White checkmated}
0-1

[Event "ICC tourney 3117 (40 10)"]
[Site "Internet Chess Club"]
[Date "2023.02.04"]
[Round "2"]
[White "YU, AVERY:Averyyu321"]
[Black "Shrivastava, Ansh:aannsshh"]
[Result "1-0"]
[ICCResult "Black checkmated"]
[WhiteElo "1682"]
[BlackElo "1070"]
[Opening "Caro-Kann: Tartakower (Nimzovich) variation"]
[ECO "B15"]
[NIC "CK.06"]
[Time "13:16:42"]
[PlyCount "137"]
[TimeControl "2400+10"]

1. e4 c6 2. d4 d5 3. Nc3 dxe4 4. Nxe4 Nf6 5. Nxf6+ exf6 6. c3 Bd6 7. Bd3 Be6
8. Qc2 h6 9. Ne2 Qc7 10. Be3 Nd7 11. c4 b6 12. Nc3 a6 13. d5 cxd5 14. cxd5
Bg4 15. h3 Bh5 16. g4 Bg6 17. Bxg6 fxg6 18. Qxg6+ Kf8 19. O-O-O Ne5 20. Qf5
Re8 21. Kb1 Kf7 22. Rc1 g6 23. Qc2 Rc8 24. Qb3 Nd3 25. Rcd1 Nc5 26. Bxc5
bxc5 27. Ne4 Rhe8 28. Rhe1 c4 29. Nxd6+ Qxd6 30. Rxe8 Kxe8 31. Re1+ Kf7 32.
Qb7+ Rc7 33. Qa8 Re7 34. Rxe7+ Kxe7 35. Qb7+ Qd7 36. Qb4+ Kd8 37. Qxc4 Qd6
38. Qc6 Qxc6 39. dxc6 Kc7 40. Kc2 Kxc6 41. Kd3 Kd5 42. b4 f5 43. gxf5 gxf5
44. f4 h5 45. h4 Kc6 46. Kc4 Kd6 47. a4 Kc6 48. b5+ axb5+ 49. axb5+ Kb6 50.
Kb4 Kb7 51. Kc5 Kc7 52. Kd5 Kb6 53. Ke5 Kxb5 54. Kxf5 Kc5 55. Kg6 Kd6 56. f5
Ke7 57. f6+ Kf8 58. f7 Ke7 59. Kg7 Ke6 60. f8=Q Kd5 61. Qe7 Kc4 62. Qd6 Kb3
63. Qc5 Ka4 64. Qb6 Ka3 65. Kf6 Ka2 66. Ke5 Ka1 67. Kd4 Ka2 68. Kc3 Ka1 69.
Qb2# {Black checkmated} 1-0

[Event "ICC tourney 3117 (40 10)"]
[Site "Internet Chess Club"]
[Date "2023.02.04"]
[Round "2"]
[White "Mehta, Aarav Amit:amitmehta22"]
[Black "GUTIERREZ, AUGUSTO E:elytito2017"]
[Result "1-0"]
[ICCResult "Black forfeits on time"]
[WhiteElo "1425"]
[BlackElo "1672"]
[Opening "Sicilian: Grand Prix attack"]
[ECO "B23"]
[NIC "SI.44"]
[Time "13:15:48"]
[PlyCount "71"]
[TimeControl "2400+10"]

1. e4 c5 2. Nc3 Nc6 3. f4 e6 4. Bc4 Nf6 5. d3 d5 6. Bb3 a6 7. a4 Nd4 8. Ba2
Rb8 9. Nf3 b5 10. f5 b4 11. Bf4 Rb7 12. Ne2 Nxf3+ 13. gxf3 Bd7 14. Bg5 h6
15. Bh4 Qa5 16. Kf1 Bc6 17. Nf4 Bd6 18. Qd2 Bxf4 19. Qxf4 Qxa4 20. fxe6 fxe6
21. Bxf6 gxf6 22. Qxf6 Rf8 23. Qxe6+ Re7 24. Qc8+ Kf7 25. Bxd5+ Bxd5 26.
Qxf8+ Kxf8 27. Rxa4 Bb7 28. c3 bxc3 29. bxc3 Rd7 30. Ke2 Bc6 31. Rxa6 Bb5
32. Ra8+ Ke7 33. Rd1 c4 34. d4 Bc6 35. Ra6 Bb7 36. Rxh6 {Black forfeits on
time} 1-0

[Event "ICC tourney 3117 (40 10)"]
[Site "Internet Chess Club"]
[Date "2023.02.04"]
[Round "2"]
[White "OPASKA, MICHAEL:mopaska1106"]
[Black "ZLODOREV, ALEXANDER:sasha-zlodorev"]
[Result "1-0"]
[ICCResult "Black checkmated"]
[WhiteElo "1841"]
[BlackElo "1607"]
[Opening "Dutch with c4 & Nc3"]
[ECO "A85"]
[NIC "HD.05"]
[Time "13:16:42"]
[PlyCount "141"]
[TimeControl "2400+10"]

1. d4 f5 2. c4 Nf6 3. Nc3 g6 4. h4 Bg7 5. Nh3 d6 6. e3 O-O 7. Be2 e5 8. d5
Nbd7 9. h5 e4 10. hxg6 hxg6 11. Nf4 Ne5 12. b3 Kf7 13. Bb2 Rh8 14. Rxh8 Qxh8
15. Qd2 Bd7 16. O-O-O Qh4 17. Bf1 Rh8 18. b4 Nfg4 19. Nh3 Qe7 20. Be2 Bh6
21. Qd4 Ra8 22. Nb5 Bg7 23. Kb1 Bxb5 24. cxb5 Kg8 25. Qd2 Bh6 26. Rc1 b6 27.
Qc3 Nf6 28. Nf4 Qf7 29. Qxc7 Qxc7 30. Rxc7 Bxf4 31. exf4 Nxd5 32. fxe5 Nxc7
33. exd6 Ne6 34. Bc4 Kf7 35. Bd5 Rd8 36. Be5 g5 37. g3 Rd7 38. g4 fxg4 39.
Bxe4 Ng7 40. Bd5+ Kg6 41. Bc6 Rd8 42. a4 Ne6 43. Be4+ Kf7 44. Bd5 Rd7 45.
Kc2 Rd8 46. Kd3 Rc8 47. Ke4 Rc2 48. Bd4 Rd2 49. Be3 Rd1 50. Ke5 Rxd5+ 51.
Kxd5 Nf4+ 52. Kc6 Ke8 53. a5 bxa5 54. bxa5 Ne6 55. b6 axb6 56. a6 g3 57.
fxg3 g4 58. a7 b5 59. a8=Q+ Kf7 60. Qb7+ Kf6 61. Qe7+ Ke5 62. Bf4+ Kf5 63.
Qf7+ Ke4 64. Qxe6+ Kf3 65. Qe3+ Kg2 66. Qe2+ Kg1 67. Be3+ Kh1 68. Qf1+ Kh2
69. Bg1+ Kh1 70. Qf2 b4 71. Qh2# {Black checkmated} 1-0

[Event "ICC tourney 3117 (40 10)"]
[Site "Internet Chess Club"]
[Date "2023.02.04"]
[Round "2"]
[White "Doan Giang, Nguyen Doan:Doctorstrange04"]
[Black "SIMO, AARON L:WhereBklnAt"]
[Result "1-0"]
[ICCResult "Black resigns"]
[WhiteElo "1807"]
[BlackElo "1603"]
[Opening "Sicilian: closed"]
[ECO "B23"]
[NIC "SI.44"]
[Time "13:15:44"]
[PlyCount "141"]
[TimeControl "2400+10"]

1. e4 c5 2. Nc3 e6 3. f4 d5 4. Nf3 Nc6 5. Bb5 Nf6 6. Bxc6+ bxc6 7. e5 Nd7 8.
d3 Ba6 9. O-O Qb6 10. Kh1 Be7 11. b3 c4 12. dxc4 dxc4 13. Re1 Rd8 14. Na4
Qb7 15. Bd2 Nb6 16. Nxb6 axb6 17. Qc1 O-O 18. Be3 c5 19. Qa3 Rd7 20. h3 Rfd8
21. Qb2 Qc6 22. Qc3 b5 23. Qa5 b4 24. a3 Ra8 25. axb4 Bb7 26. b5 Rxa5 27.
bxc6 Rxa1 28. Rxa1 Bxc6 29. Nd2 cxb3 30. Nxb3 c4 31. Nd4 Bd5 32. Rb1 Rb7 33.
Rxb7 Bxb7 34. Kg1 Bb4 35. Kf2 Kf8 36. Nb5 Bc6 37. Nd4 Ba4 38. Ke2 Bc3 39.
Nf3 Bxc2 40. Bd4 Bb4 41. Nd2 Bd3+ 42. Ke3 Ke7 43. g4 Bxd2+ 44. Kxd2 f6 45.
Kc3 g5 46. exf6+ Kf7 47. fxg5 Kg6 48. h4 Kf7 49. Be5 Kg6 50. Kd4 Kf7 51. Bf4
Be2 52. Bd2 Bd3 53. Ke5 Be2 54. Kf4 Bd3 55. Ke3 Kg6 56. Kd4 Kf7 57. Ke5 Be2
58. Kd4 Bd3 59. Bb4 Be2 60. Bc3 Bd3 61. Ke3 Kg6 62. Kf4 Kf7 63. Bb2 Be2 64.
Bc3 Bd3 65. h5 Be2 66. Bd4 Bd3 67. Ke5 Be2 68. g6+ hxg6 69. h6 Kg8 70. Kxe6
Bxg4+ 71. Ke7 {Black resigns} 1-0

[Event "ICC tourney 3117 (40 10)"]
[Site "Internet Chess Club"]
[Date "2023.02.04"]
[Round "2"]
[White "Mason, Mike W:MikeWMason"]
[Black "S.M, UMER:uncrackable"]
[Result "0-1"]
[ICCResult "White checkmated"]
[WhiteElo "1567"]
[BlackElo "1807"]
[Opening "Sicilian: Smith-Morra gambit"]
[ECO "B21"]
[NIC "SI.48"]
[Time "13:16:24"]
[PlyCount "52"]
[TimeControl "2400+10"]

1. e4 c5 2. d4 cxd4 3. c3 dxc3 4. Nxc3 e6 5. Nf3 Nc6 6. Bc4 Nge7 7. Bg5 h6
8. Bh4 a6 9. O-O b5 10. Bxb5 Qb6 11. Bxc6 Nxc6 12. Qd2 Be7 13. Bg3 O-O 14.
e5 Rb8 15. Rab1 Qa5 16. a3 Bb7 17. Qe2 Na7 18. Ne4 Rfc8 19. Rfd1 Bc6 20.
Nfd2 Ba4 21. b4 Bxd1 22. Rxd1 Qa4 23. Re1 Qxa3 24. Nc4 Qxb4 25. Ncd6 Rc2 26.
Qh5 Qxe1# {White checkmated} 0-1